 Dungeon Crawl Stone Soup version 0.29.1-15-g9cfb28693d (webtiles) character file.

Game seed: 14004582912473772572

13038 javelincjr the Schismatic (level 11, -4/94 HPs)
             Began as a Demonspawn Abyssal Knight on Mar 23, 2023.
             Was an Elder of Lugonu.
             Slain by an eight-headed hydra (8 damage)
             ... on level 12 of the Dungeon.
             The game lasted 00:41:41 (10681 turns).

javelincjr the Schismatic (DsAK)                   Turns: 10681, Time: 00:41:41

Health: -4/94      AC: 12    Str: 22    XL:     11   Next: 70%
Magic:  19/19      EV: 16    Int: 14    God:    Lugonu [****..]
Gold:   700        SH:  0    Dex: 19    Spells: 17/17 levels left

rFire   . . .      SeeInvis .   d - +2 war axe (distort)
rCold   . . .      Faith    .   A - orb {*Rage}
rNeg    . . .      Spirit   .   G - +0 troll leather armour
rPois   .          Reflect  .   v - +0 helmet
rElec   .          Harm     .   E - +0 cloak
rCorr   .          Rampage  .   x - +0 pair of gloves
Will    +....      Rage     20% L - +0 pair of boots
Stlth   +.........              H - amulet of regeneration
HPRegen 1.85/turn               t - +6 ring of dexterity
MPRegen 0.16/turn               i - +6 ring of strength

@: on berserk cooldown, slowed, very slow
A: rugged brown scales 2, demonic guardian 2, spiny 2, demonic willpower
a: Renounce Religion, Depart the Abyss, Bend Space, Banish, Corrupt


You were on level 12 of the Dungeon.
You worshipped Lugonu.
Lugonu was greatly pleased with you.
You visited 2 branches of the dungeon, and saw 13 of its levels.
You visited the Abyss 1 time.

You collected 700 gold pieces.

Inventory:

Hand Weapons
 d - a +2 war axe of distortion (weapon)
 N - the +5 trident "Murmur" {pain, *Slow rPois rN+}
   (You found it on level 10 of the Dungeon)

   In the hands of one skilled in necromantic magic, it inflicts extra damage on
   living creatures.
   rPois:     It protects you from poison.
   rN:        It protects you from negative energy.
   *Slow:     It may slow you when you take damage.
 U - the +3 spear "Woduv" {vorpal, +Blink Will+ rCorr Str+3}
   (You found it on level 10 of the Dungeon)

   It inflicts extra damage upon your enemies.
   Str:       It affects your strength (+3).
   +Blink:    It lets you blink.
   rCorr:     It protects you from acid and corrosion.
   Will:      It increases your willpower.
Missiles
 c - 6 silver boomerangs
 f - 10 atropa-tipped darts
 z - 49 poisoned darts
 Q - 2 throwing nets
 W - 6 boomerangs
Armour
 b - a +0 leather armour
 e - a +0 chain mail
 v - a +0 helmet (worn)
 x - a +0 pair of gloves (worn)
 A - an orb of wrath (worn)
 E - a +0 cloak (worn)
 G - a +0 troll leather armour (worn)
 J - a +0 buckler
 K - a +0 kite shield
 L - a +0 pair of boots (worn)
 O - an orb of energy
 V - a +0 scale mail of fire resistance
Jewellery
 i - a +6 ring of strength (right hand)
 t - a +6 ring of dexterity (left hand)
 y - a ring of resist corrosion
 H - an amulet of regeneration (around neck)
 S - a ring of magical power
 Y - the ring "Inule" {rC- rN+ Dex+4 SInv}
   (You found it on level 11 of the Dungeon)

   [ring of positive energy]

   Dex:       It affects your dexterity (+4).
   rC:        It makes you vulnerable to cold.
   rN:        It protects you from negative energy.
   SInv:      It lets you see invisible.
 Z - a +4 ring of protection
Wands
 r - a wand of iceblast (16)
 I - a wand of charming (9) (quivered)
 X - a wand of flame (11)
Scrolls
 j - 6 scrolls of teleportation
 p - 6 scrolls of butterflies
 s - a scroll of amnesia
 w - 2 scrolls of magic mapping
 C - 2 scrolls of blinking
 M - a scroll of summoning
 P - a scroll of fear
Potions
 a - 2 potions of haste
 g - 4 potions of berserk rage
 h - 2 potions of might
 k - 3 potions of heal wounds
 m - 6 potions of curing
 n - 2 potions of flight
 o - a potion of ambrosia
 q - 5 potions of lignification
 u - 2 potions of brilliance {unknown}
 B - 3 potions of mutation {unknown}
 F - 3 potions of invisibility
 R - a potion of attraction {unknown}
Miscellaneous
 D - a box of beasts (inert)
 T - a condenser vane (inert)


   Skills:
 * Level 9.7 Fighting
 + Level 7.6 Axes
 + Level 7.6 Armour
 + Level 7.4 Dodging
 + Level 3.7 Spellcasting
 + Level 10.8 Invocations


You had 17 spell levels left.
You didn't know any spells.
Your spell library contained the following spells:

 Spells                   Type           Power      Damage    Failure   Level
 Magic Dart               Conj           8%         1d3       22%         1
 Call Imp                 Summ           2%         N/A       32%         2
 Conjure Flame            Conj/Fire      2%         6-21      54%         3
 Gell's Gravitas          Tloc           2%         N/A       54%         3
 Ignite Poison            Fire/Tmut/Pois 2%         N/A       54%         3
 Mephitic Cloud           Conj/Pois/Air  2%         N/A       54%         3
 Ozocubu's Armour         Ice            2%         N/A       54%         3
 Teleport Other           Tloc           2%         N/A       54%         3
 Sticky Flame             Conj/Fire      2%         2d3       91%         4
 Dispersal                Tloc           1%         N/A       100%        6
 Ozocubu's Refrigeration  Ice            1%         4d7       100%        7


Dungeon Overview and Level Annotations

Branches:
Dungeon (12/15)            Temple (1/1) D:5            Lair (0/5) D:8
    Orc (0/2) D:12

Altars:
Ashenzari
Cheibriados
Dithmenos
Fedhas
Gozag
Hepliaklqana
Kikubaaqudgha
Makhleb
Nemelex Xobeh
Okawaru
Qazlal
Ru
Sif Muna
Trog
Uskayaw
Vehumet
Wu Jian
Xom
Yredelemnul

Shops:
D:6 *   D:12 [

Annotations:
D:10 exclusion: orange crystal statue
Abyss:1 Grinder


Innate Abilities, Weirdness & Mutations

You are mostly covered in rugged brown scales. (AC +2, +5% HP)
A demonic guardian rushes to your aid.
You are mostly covered in sharp spines.
You punish those that try to bend your will. (Will+)


Message History

You are too injured to fight recklessly!
You chop one of the six-headed hydra's heads off!
The five-headed hydra grows two more!
You slash the seven-headed hydra!
Space warps around the seven-headed hydra.
The seven-headed hydra is heavily wounded.
You hit the wraith.
You destroy the wraith!
Lugonu accepts your kill.
The seven-headed hydra is struck by your spines.
The seven-headed hydra bites you. The seven-headed hydra misses you. x2
The seven-headed hydra closely misses you.
The seven-headed hydra bites you but does no damage. x2
The seven-headed hydra bites you!
The seven-headed hydra closely misses you. x4
The seven-headed hydra bites you.
The seven-headed hydra completely misses you.
The seven-headed hydra bites you.
You barely miss the seven-headed hydra.
The seven-headed hydra is heavily wounded.
The seven-headed hydra bites you!
* * * LOW HITPOINT WARNING * * *
The seven-headed hydra bites you!
* * * LOW HITPOINT WARNING * * *
The seven-headed hydra barely misses you.
The seven-headed hydra bites you but does no damage.
The seven-headed hydra misses you. x2; The seven-headed hydra bites you.
* * * LOW HITPOINT WARNING * * *
A demonic guardian appears!
You hack one of the seven-headed hydra's heads off!
The six-headed hydra grows two more!
You slice the eight-headed hydra!!
Space warps around the eight-headed hydra.
The eight-headed hydra is severely wounded.
The eight-headed hydra bites you but does no damage.
The eight-headed hydra barely misses you.
The eight-headed hydra misses you. The eight-headed hydra bites you.
* * * LOW HITPOINT WARNING * * *
The eight-headed hydra bites you!
* * * LOW HITPOINT WARNING * * *
The eight-headed hydra bites you!
You die...

####...##....#..#....##
##...###.#.......>...
##..#.....####.####..
##..#####..# #.## #..##
#..## #..# ..##
#...####.# ###
#.#...##.# # #.###.##.#
# #..##.##@# #
##....##.D...... #
####.##4....... #######
####........ .......
......... #######
#..(..... #........
#.......[


You could see an eight-headed hydra (ally target) and a friendly rust devil
(summoned).

Vanquished Creatures
  2 two-headed ogres
  A cyclops (D:11)
  A gargoyle (D:12)
  An unseen horror (D:10)
  2 komodo dragons
  4 trolls
  A raiju (shapeshifter) (D:10)
  Prince Ribbit (D:5)
  A shadow (D:11)
  2 wyverns (D:8)
  4 wraiths
  A steam dragon (D:7)
  3 vampire mosquitoes (D:12)
  Edmund (D:6)
  A water moccasin (D:8)
  A swamp drake (D:8)
  2 ice beasts
  3 orc warriors
  A sky beast (D:8)
  2 black bears
  3 centaurs
  An ogre (D:6)
  4 kobold brigands
  A bullfrog (D:7)
  2 gnoll sergeants
  4 scorpions
  8 wights
  25 killer bees
  A howler monkey (D:5)
  2 hounds (D:4)
  3 orc priests
  3 jellies
  5 orc wizards
  2 iguanas
  A hound skeleton (D:3)
  4 adders
  9 gnolls
  A shadow imp (D:6)
  A white imp (D:7)
  A howler monkey simulacrum (D:10)
  2 ufetubi
  An adder zombie (D:3)
  2 worms (D:3)
  A dart slug (D:2)
  33 orcs
  2 endoplasms
  3 giant cockroaches
  5 goblins
  10 hobgoblins
  8 jackals
  2 quokkas (D:1)
  6 ball pythons
  A ball python zombie (D:3)
  10 bats
  5 frilled lizards
  23 kobolds
  8 rats
238 creatures vanquished.

Vanquished Creatures (collateral kills)
  An ogre mage (D:10)
  A centaur warrior (D:10)
  An orc priest (D:5)
  2 adders (D:5)
  An orc (D:5)
  A hobgoblin (D:3)
7 creatures vanquished.

Vanquished Creatures (others)
  An orc (D:11)
  11 withered plants (D:3)
12 creatures vanquished.

Grand Total: 257 creatures vanquished

Notes
Turn   | Place    | Note
-------+----------+-------------------------------------------
     0 | Abyss:1  | javelincjr the Demonspawn Abyssal Knight began the quest
                  | for the Orb.
     0 | Abyss:1  | Reached XP level 1. HP: 18/18 MP: 2/2
     3 | Abyss:1  | Found a corrupted altar of Lugonu.
    73 | Abyss:1  | Reached skill level 1 in Dodging
   123 | Abyss:1  | Noticed a large abomination
   126 | Abyss:1  | Noticed a large abomination
   130 | Abyss:1  | Noticed a quasit
   132 | Abyss:1  | Noticed an Executioner
   138 | D:1      | Escaped the Abyss
   328 | D:1      | Gained mutation: A weak demonic guardian rushes to your
                  | aid. [demonic ancestry]
   328 | D:1      | Reached XP level 2. HP: 17/24 MP: 4/4
   787 | D:1      | Reached ** piety under Lugonu
  1385 | D:1      | Reached skill level 3 in Invocations
  1385 | D:1      | Gained mutation: You are partially covered in sharp spines.
                  | [demonic ancestry]
  1385 | D:1      | Reached XP level 3. HP: 28/29 MP: 5/5
  2422 | D:2      | Gained mutation: You are partially covered in rugged brown
                  | scales. (AC +1, +3% HP) [demonic ancestry]
  2422 | D:2      | Reached XP level 4. HP: 29/36 MP: 6/6
  3065 | D:3      | Found a faded altar of an unknown god.
  3344 | D:3      | Reached XP level 5. HP: 43/43 MP: 7/7
  3476 | D:3      | Reached *** piety under Lugonu
  3919 | D:4      | Reached skill level 4 in Invocations
  4017 | D:4      | Gained mutation: A demonic guardian rushes to your aid.
                  | [demonic ancestry]
  4017 | D:4      | Reached XP level 6. HP: 48/49 MP: 9/9
  4101 | D:4      | Found a radiant altar of Vehumet.
  4991 | D:5      | Entered Level 5 of the Dungeon
  5002 | D:5      | Reached skill level 5 in Invocations
  5002 | D:5      | Gained mutation: You are mostly covered in rugged brown
                  | scales. (AC +2, +5% HP) [demonic ancestry]
  5002 | D:5      | Reached XP level 7. HP: 41/57 MP: 10/10
  5139 | D:5      | Noticed Grinder
  5144 | D:5      | Banished Grinder
  5160 | D:5      | Reached skill level 5 in Fighting
  5302 | D:5      | Noticed Prince Ribbit
  5307 | D:5      | Killed Prince Ribbit
  5308 | D:5      | Reached skill level 6 in Invocations
  5308 | D:5      | Gained mutation: You punish those that try to bend your
                  | will. (Will+) [demonic ancestry]
  5308 | D:5      | Reached XP level 8. HP: 65/65 MP: 12/12
  5425 | D:5      | Found a staircase to the Ecumenical Temple.
  5452 | Temple   | Entered the Ecumenical Temple
  5908 | D:6      | Found Faoxy's CLEARANCE SALE!.
  6321 | D:6      | Noticed Edmund
  6328 | D:6      | Killed Edmund
  6400 | D:7      | Reached skill level 7 in Invocations
  6406 | D:7      | Reached skill level 5 in Armour
  6447 | D:7      | Reached **** piety under Lugonu
  6448 | D:7      | Reached skill level 5 in Axes
  6450 | D:7      | Reached XP level 9. HP: 23/67 MP: 14/14
  6675 | D:7      | Reached skill level 5 in Dodging
  6678 | D:7      | Found a snail-covered altar of Cheibriados.
  7265 | D:8      | Reached skill level 8 in Invocations
  7268 | D:8      | Found a shimmering altar of Xom.
  7540 | D:8      | Noticed a komodo dragon
  7544 | D:8      | Banished a komodo dragon
  7597 | D:8      | Found a staircase to the Lair.
  7631 | D:8      | Noticed a komodo dragon
  7640 | D:8      | Killed a komodo dragon
  7641 | D:8      | Gained mutation: You are mostly covered in sharp spines.
                  | [demonic ancestry]
  7641 | D:8      | Reached XP level 10. HP: 82/82 MP: 16/16
  7789 | D:9      | Found an ornate altar of the Wu Jian Council.
  7815 | D:9      | Reached skill level 9 in Invocations
  8212 | D:10     | Entered Level 10 of the Dungeon
  8223 | D:10     | Noticed an orange crystal statue
  8294 | D:10     | Identified the +5 trident "Murmur" {pain, *Slow rPois rN+}
  8355 | D:10     | Found a sparkling altar of Nemelex Xobeh.
  8457 | D:10     | Reached ***** piety under Lugonu
  8601 | D:10     | Reached skill level 1 in Spellcasting
  8888 | D:10     | Noticed a centaur warrior
  8891 | D:10     | Noticed a boulder beetle
  8891 | D:10     | Noticed an ogre mage
  8891 | D:10     | Noticed a cyclops
  8907 | D:10     | Killed a centaur warrior
  8907 | D:10     | Killed an ogre mage
  8908 | D:10     | Banished a boulder beetle
  8909 | D:10     | Banished a cyclops
  8910 | D:10     | Reached skill level 10 in Invocations
  8910 | D:10     | Reached XP level 11. HP: 79/91 MP: 9/18
  8933 | D:10     | Identified the +3 spear "Woduv" {vorpal, +Blink Will+ rCorr
                  | Str+3}
  9048 | D:10     | Noticed a two-headed ogre
  9063 | D:10     | Killed a two-headed ogre
  9553 | D:11     | Identified the ring "Inule" {rC- rN+ Dex+4 SInv}
 10336 | D:12     | Noticed a two-headed ogre
 10347 | D:12     | Killed a two-headed ogre
 10395 | D:12     | Found Kezurua's Armour Shoppe.
 10398 | D:12     | Found a staircase to the Orcish Mines.
 10457 | D:12     | Noticed a deep elf pyromancer
 10482 | D:12     | Banished a deep elf pyromancer
 10673 | D:12     | Noticed a five-headed hydra
 10681 | D:12     | HP: 4/94 [eight-headed hydra (11)]
 10681 | D:12     | Slain by an eight-headed hydra

Illustrated notes

Levels and vault maps discovered:
D:1:      co_arrival_square_in_a_square_in_a_square, layout_loops_corners
D:2:      layout_basic, hangedman_abyss_or_decor_lesser_grid,
          minmay_increasing_density
D:3:      layout_basic, hellmonk_ecumenical_altar_blasted, serial_undead,
          serial_undead_a, serial_undead_e, serial_undead_e, serial_undead_e
D:4:      layout_basic, overflow_temple_1_default, kennysheep_nondescript
D:5:      layout_cave_pools, minmay_temple_entry_glass, uniq_grinder,
          uniq_prince_ribbit1
D:6:      layout_rooms, nicolae_shop_clearance, uniq_edmund
D:7:      layout_loops_ring, minitemple
D:8:      layout_rooms, lemuel_crystal_altar, erik_lair_dragon,
          grunt_decor_junction
D:9:      layout_rooms, nicolae_wu_jian_wuxing_cycle
D:10:     minmay_shrinking_squares, layout_irregular_city,
          nemelex_xobeh_ov_fountains_minmay, disabler_island
D:11:     layout_layer_cave
D:12:     layout_rooms, orc_david_3, uniq_maurice
Temple:   minmay_temple_bridge_d

Skill      XL: |  1  2  3  4  5  6  7  8  9 10 11 |
---------------+----------------------------------+-----
Dodging        | 1 2 3 4 5 6 7 |  7.4
Armour         | 2 3 4 5 6 7 |  7.6
Axes           | 2 3 4 5 6 7 |  7.6
Invocations    | 3 4 5 6 7 8 10 | 10.8
Fighting       | 4 5 6 7 8 9 |  9.7
Spellcasting   | 2 3 |  3.7

Action                   |  1- 3 |  4- 6 |  7- 9 | 10-12 || total
-------------------------+-------+-------+-------+-------++-------
Melee: Hand axe          |   114 |    40 |       |       ||   154
       War axe           |       |    66 |   127 |   183 ||   376
       Punch             |       |     3 |       |       ||     3
Invok: Depart the Abyss  |     1 |       |       |       ||     1
       Banish            |       |       |     1 |     8 ||     9
Evoke: Wand              |       |       |       |     2 ||     2
       Box of beasts     |       |       |       |     1 ||     1
       Condenser vane    |       |       |       |     1 ||     1
  Use: Scroll            |       |     7 |     5 |    10 ||    22
 Stab: Sleeping          |     1 |     5 |       |       ||     6
Armor: Leather armour    |    32 |    42 |    22 |       ||    96
       Chain mail        |       |       |    42 |    17 ||    59
       Troll leather arm |       |       |       |    63 ||    63
Dodge: Dodged            |    69 |    40 |    78 |   188 ||   375
